 Dungeon Sprint DCSS version 0.21.2 (webtiles) character file.

954 Fang the Fighter (level 8, -2/60 HPs)
             Began as a Gargoyle Berserker on Dec 20, 2018.
             Was a High Priest of Trog.
             Slain by a tarantella (10 damage)
             ... in the Dungeon (Sprint VII: "The Pits").
             The game lasted 00:01:39 (879 turns).

Fang the Fighter (Gargoyle Berserker)                Turns: 879, Time: 00:01:39

Health: -2/60      AC: 15    Str: 23    XL:     8   Next: 14%
Magic:  8/8        EV: 13    Int:  8    God:    Trog [*****.]
Gold:   0          SH:  0    Dex:  9    Spells: 7/7 levels left

rFire    . . .     SeeInvis .   j - +2 hand axe (chop)
rCold    . . .     Gourm    .   (no shield)
rNeg     + . .     Faith    .   m - +3 ring mail
rPois    ∞         Spirit   .   (no helmet)
rElec    +         Reflect  .   (no cloak)
rCorr    .         Harm     .   (no gloves)
MR       .....     NoTele   +   (no boots)
Stlth    ..........             (no amulet)
HPRegen  0.20/turn              (no ring)
MPRegen  0.11/turn              (no ring)

@: confused, berserk cooldown, slowed, very slow
A: negative energy resistance 1, electricity resistance, unbreathing,
petrification resistance, rot immunity, AC +5
a: Berserk, Trog's Hand, Brothers in Arms, Burn Spellbooks, Renounce Religion


You were in the Dungeon.
You worshipped Trog.
Trog was extremely pleased with you.
You were not hungry.

You visited 1 branch

Inventory:

Hand Weapons
 j - a +2 hand axe of chopping (weapon)
Armour
 b - a +0 animal skin
 m - a +3 ring mail (worn)
Scrolls
 i - a scroll of blinking
 k - 3 scrolls of remove curse
 l - a scroll of summoning
Potions
 a - 2 potions of invisibility
 d - 6 potions of curing
 e - 6 potions of heal wounds
 f - a potion of haste
 g - 4 potions of magic
 h - 3 potions of berserk rage
Comestibles
 c - 8 rations


   Skills:
 + Level 11.4 Fighting
 + Level 10.8 Axes
 + Level 6.2 Armour
 + Level 5.2 Dodging
 + Level 1.4 Stealth


You had 7 spell levels left.
You didn't know any spells.

Dungeon Overview and Level Annotations

Branches:
Dungeon (1/1)

Altars:
Cheibriados
Dithmenos
Elyvilon
Fedhas
Gozag
Hepliaklqana
Makhleb
Nemelex Xobeh
Okawaru
Qazlal
Ru
Sif Muna
Trog
Vehumet
Wu Jian
Xom
Yredelemnul
Zin
The Shining One
Beogh
Jiyva
Lugonu


Innate Abilities, Weirdness & Mutations

You are resistant to torment.
Your stone body is resilient. (AC +5)
You are immune to poison.
You resist negative energy. (rN+)
You are resistant to electric shocks. (rElec)
You can survive without breathing.
You are immune to petrification.
You are immune to rotting.


Message History

The tarantella bites you but does no damage.
The tarantella barely misses you.
The tarantella bites you but does no damage.
Unknown command.
You feel less confused. Something hits you but does no damage.
The tarantella barely misses you. x2
You slash something! You closely miss the tarantella. Something hits you.
The tarantella bites you but does no damage.
The tarantella bites you. Something hits you but does no damage.
The tarantella bites you. x2
You are confused.
Something hits you. The tarantella bites you!
* * * LOW HITPOINT WARNING * * *
The tarantella bites you.
* * * LOW HITPOINT WARNING * * *
Unknown command.
You're too confused!
There isn't anything here!
Something barely misses you. The tarantella bites you!
You die...

#.#...)))..##.......#
#.#...)))[.##.......#
#'###########.......#
#..#.#.##.. #########
#.()....#.######
##.#.#.##.#....#
#.......#†#†...#
##.#.#.##)'..{.+
#.......#'#.s@.#
##.#.#..'.#....#
###############


You could see a tarantella.

Vanquished Creatures
  An ice devil (D)
  A water moccasin (D)
  A porcupine (D)
  A floating eye (D)
  An ice beast (D)
  A sky beast (D)
  Purgy (D)
  A crimson imp (D)
  2 worker ants (D)
  A mummy (D)
  A river rat (D)
  2 ufetubi (D)
  A giant cockroach (D)
  2 goblins (D)
  2 jackals (D)
  4 kobolds (D)
  A ball python (D)
24 creatures vanquished.

Notes
Turn   | Place    | Note
-------+----------+-------------------------------------------
     0 | D        | Fang the Gargoyle Berserker began the quest for the Orb.
     0 | D        | Reached XP level 1. HP: 14/14 MP: 1/1
    18 | D        | Found a bloodstained altar of Trog.
    18 | D        | Found a deep blue altar of Sif Muna.
    18 | D        | Found a viscous altar of Jiyva.
    18 | D        | Found a hazy altar of Hepliaklqana.
    18 | D        | Found an opulent altar of Gozag.
    19 | D        | Found a glowing golden altar of the Shining One.
    19 | D        | Found a glowing silver altar of Zin.
    19 | D        | Found a basalt altar of Yredelemnul.
    19 | D        | Found a shimmering altar of Xom.
    19 | D        | Found an ornate altar of the Wu Jian Council.
    19 | D        | Found a sacrificial altar of Ru.
    19 | D        | Found a stormy altar of Qazlal.
    19 | D        | Found an iron altar of Okawaru.
    19 | D        | Found a sparkling altar of Nemelex Xobeh.
    19 | D        | Found a burning altar of Makhleb.
    19 | D        | Found a blossoming altar of Fedhas.
    19 | D        | Found a white marble altar of Elyvilon.
    19 | D        | Found a shadowy altar of Dithmenos.
    19 | D        | Found a snail-covered altar of Cheibriados.
    21 | D        | Found a radiant altar of Vehumet.
    21 | D        | Found a corrupted altar of Lugonu.
    21 | D        | Found a roughly hewn altar of Beogh.
    58 | D        | Noticed a worker ant
    62 | D        | Killed a worker ant
    62 | D        | Reached skill level 5 in Fighting
    62 | D        | Reached XP level 2. HP: 12/21 MP: 2/2
    62 | D        | Reached XP level 3. HP: 15/26 MP: 3/3
   196 | D        | Reached ** piety under Trog
   204 | D        | Noticed a floating eye
   209 | D        | Killed a floating eye
   209 | D        | Reached *** piety under Trog
   209 | D        | Reached skill level 7 in Fighting
   209 | D        | Reached XP level 4. HP: 26/34 MP: 4/4
   209 | D        | Reached XP level 5. HP: 30/38 MP: 5/5
   353 | D        | Reached **** piety under Trog
   471 | D        | Noticed a sky beast
   472 | D        | Noticed Purgy
   475 | D        | Received a gift from Trog
   477 | D        | Reached skill level 8 in Fighting
   483 | D        | Killed Purgy
   483 | D        | Reached skill level 5 in Armour
   483 | D        | Reached XP level 6. HP: 45/45 MP: 6/6
   484 | D        | Killed a sky beast
   484 | D        | Reached skill level 9 in Fighting
   484 | D        | Reached skill level 1 in Stealth
   484 | D        | Reached ***** piety under Trog
   533 | D        | Noticed an ice devil
   547 | D        | Killed an ice devil
   547 | D        | Reached skill level 10 in Fighting
   547 | D        | Reached XP level 7. HP: 44/53 MP: 7/7
   683 | D        | Reached skill level 10 in Axes
   684 | D        | Received a gift from Trog
   685 | D        | Reached skill level 11 in Fighting
   692 | D        | Reached skill level 5 in Dodging
   692 | D        | Reached XP level 8. HP: 27/60 MP: 8/8
   857 | D        | Noticed a tarantella
   879 | D        | Slain by a tarantella

Skill      XL: |  1  2  3  4  5  6  7 |
---------------+----------------------+-----
Axes           | 4 6 7 9 10 | 10.8
Fighting       | 5 7 8 10 11 | 11.4
Armour         | 3 5 6 |  6.2
Dodging        | 2 3 4 5 |  5.2
Stealth        | 1 |  1.4

Action                   |  1- 3 |  4- 6 |  7- 9 || total
-------------------------+-------+-------+-------++-------
Melee: Hand axe          |    15 |    46 |    30 ||    91
Invok: Berserk           |       |     2 |     1 ||     3
  Eat: Ration            |       |       |     1 ||     1
Armor: Animal skin       |     3 |     7 |       ||    10
       Ring mail         |       |    19 |    24 ||    43
Dodge: Dodged            |     9 |    27 |    25 ||    61
